Map: Ulrena

Players

wehappyfew - Winner!

  • Race: Protoss Protoss
  • League: Gold
  • Spawn Location: 7:00

zidar

  • Race: Zerg Zerg
  • League: Silver
  • Spawn Location: 11:00

VOD

Have the link to the VOD?

Description

Time

  • Played on: Feb. 9, 2016, 2:27 p.m.
  • Length: 9:23
Show
View Real Time Build Order
Export as new Build Order

wehappyfew Protoss - Winner!

Build Orders:  

Get SALT Encoding   

  12  0:02  Probe (Chrono Boost)  
  13  0:16  Pylon  
  13  0:20  Probe (Chrono Boost)  
  14  0:31  Probe (Chrono Boost)  
  15  0:36  Forge  
  15  0:42  Probe (Chrono Boost)  
  16  0:53  Probe (Chrono Boost)  
  17  0:57  Gateway  
  17  1:14  Probe (Chrono Boost)  
  18  1:19  Assimilator  
  18  1:25  Pylon  
  18  1:37  Pylon  
  18  1:48  Nexus  
  18  1:58  Photon Cannon  
  18  2:06  Pylon  
  18  2:11  Zealot  
  20  2:22  Assimilator  
  20  2:29  Cybernetics Core  
  20  2:33  Probe (Chrono Boost)  
  21  2:43  Probe (Chrono Boost)  
  22  2:49  Pylon  
  22  3:01  Probe (Chrono Boost)  
  22  3:03  Probe (Chrono Boost)  
  24  3:11  Probe (Chrono Boost)  
  25  3:13  Probe (Chrono Boost)  
  25  3:22  Probe (Chrono Boost)  
  25  3:23  Warp Gate (Chrono Boost)  
  26  3:27  Pylon  
  26  3:29  Mothership Core  
  28  3:38  Probe  
  29  3:48  Stargate  
  29  3:50  Probe  
  30  3:55  Pylon  
  30  3:59  Assimilator  
  30  4:02  Probe, Protoss Ground Weapons Level 1 (Chrono Boost)  
  31  4:03  Assimilator  
  31  4:05  Probe  
  32  4:14  Probe  
  33  4:17  Probe  
  34  4:26  Probe  
  34  4:29  Probe, Pylon  
  36  4:31  Oracle (Chrono Boost)  
  39  4:38  Probe  
  39  4:41  Probe  
  41  4:50  Probe (Chrono Boost)  
  42  4:54  Probe (Chrono Boost)  
  42  4:58  Pylon  
  43  5:02  Probe (Chrono Boost)  
  45  5:07  Probe (Chrono Boost)  
  45  5:13  Probe (Chrono Boost)  
  46  5:16  Gateway  
  46  5:18  Gateway  
  46  5:19  Probe (Chrono Boost)  
  47  5:24  Probe (Chrono Boost)  
  48  5:31  Probe (Chrono Boost)  
  48  5:34  Probe (Chrono Boost)  
  50  5:40  Robotics Facility  
  50  5:42  Gateway  
  50  5:44  Gateway  
  50  5:46  Gateway  
  50  5:48  Gateway  
  50  6:06  Pylon  
  50  6:24  Stalker, Pylon  
  52  6:29  Immortal (Chrono Boost)  
  56  6:44  Stalker x3  
  56  6:45  Zealot x2  
  66  7:17  Stalker x2  
  66  7:18  Zealot, Stalker x3  
  66  7:19  Zealot  
  80  7:27  Pylon  
  80  7:29  Pylon  
  80  7:32  Pylon  
  80  7:39  Pylon  
  80  7:41  Pylon  
  80  7:45  Stalker x4  
  80  7:46  Stalker x2  
  88  8:22  Stalker x6  
  88  8:23  Stalker  
  80  8:49  Zealot x5  
  80  8:51  Stalker x2  
  86  9:23  Stalker  
Show
View Real Time Build Order
Export as new Build Order

zidar Zerg 

Build Orders: Pool First 

Get SALT Encoding   

  12  0:03  Drone  
  13  0:12  Overlord  
  13  0:17  Drone  
  14  0:30  Drone x2  
  14  0:35  Drone  
  17  0:49  Spawning Pool  
  16  0:50  Drone  
  17  1:18  Hatchery  
  16  1:20  Drone  
  16  1:23  Extractor, Drone  
  16  1:24  Drone  
  18  1:36  Queen  
  21  1:40  Drone  
  21  1:51  Zergling x2  
  22  2:03  Extractor  
  22  2:07  Roach Warren  
  20  2:12  Queen  
  22  2:24  Overlord  
  22  2:26  Metabolic Boost  
  22  3:00  Drone x9  
  31  3:34  Roach x2  
  33  3:37  Overlord x2  
  35  3:57  Hatchery  
  35  4:00  Lair  
  34  4:03  Pneumatized Carapace  
  34  4:09  Roach  
  36  4:20  Drone x5  
  41  4:38  Spore Crawler  
  41  4:44  Spore Crawler  
  39  4:53  Drone x8  
  39  4:54  Drone  
  39  4:58  Glial Reconstitution  
  48  5:08  Evolution Chamber  
  48  5:13  Evolution Chamber  
  43  5:42  Zerg Missile Weapons Level 1, Zerg Ground Armor Level 1  
  43  5:48  Hydralisk Den  
  42  5:51  Drone  
  42  5:52  Drone x14  
  57  6:00  Extractor  
  57  6:02  Extractor  
  57  6:25  Roach  
  57  6:28  Overlord  
  57  6:29  Overlord x2  
  57  6:46  Queen  
  59  6:55  Extractor  
  59  6:57  Extractor  
  59  6:58  Roach x7  
  59  6:59  Roach  
  59  7:00  Hydralisk  
  59  7:01  Hydralisk x3  
  75  7:06  Lurker Den  
  81  7:14  Ravager  
  82  7:17  Overlord x3  
  82  7:45  Overseer  
  82  7:47  Hydralisk  
  82  7:48  Hydralisk x4  
  82  7:49  Roach x4  
  82  7:50  Roach x3  
  65  8:28  Hydralisk  
  65  8:29  Hydralisk x10  
  65  8:30  Roach  
Tags
 
Matchup
PvZ
Opening
Pool First
Spawn Locations
Close Positions
Add a new tag
Caveats
  • Supply blocks, unpowered buildings, or Contaminate may cause inaccurate times.
  • Supply counts are checked every 10 seconds.